 Dungeon Crawl Stone Soup version 0.29-a0-717-g6dac4ea423 (webtiles) character file.

Game seed: 11685623039698023792

1222 HoaS the Skirmisher (level 8, -1/43 HPs)
             Began as a Deep Elf Hunter on June 26, 2022.
             Killed from afar by Blork the orc (8 damage)
             ... with a puff of flame
             ... on level 5 of the Dungeon.
             The game lasted 00:07:24 (5335 turns).

HoaS the Skirmisher (Deep Elf Hunter)               Turns: 5335, Time: 00:07:24

Health: -1/43      AC:  4    Str:  8    XL:     8   Next: 23%
Magic:  10/10      EV: 12    Int: 15    God:
Gold:   373        SH:  0    Dex: 20    Spells: 7/7 levels left

rFire   . . .      SeeInvis .   a - +0 shortbow
rCold   . . .      Faith    .   (shield currently unavailable)
rNeg    + . .      Spirit   .   c - +0 leather armour
rPois   .          Reflect  .   (no helmet)
rElec   .          Harm     .   g - +0 cloak
rCorr   .          Rampage  .   (no gloves)
Will    .....                   (no boots)
Stlth   ++........              (no amulet)
HPRegen 0.14/turn               e - ring of positive energy
MPRegen 0.12/turn               l - ring of flight

@: flying
A: no striking features
a: no special abilities


You were on level 5 of the Dungeon.
You visited 1 branch of the dungeon, and saw 5 of its levels.

You collected 373 gold pieces.

Inventory:

Hand Weapons
 a - a +0 shortbow (weapon)
Armour
 c - a +0 leather armour (worn)
 g - a +0 cloak (worn)
Jewellery
 e - a ring of positive energy (left hand)
 l - a ring of flight (right hand)
Wands
 j - a wand of flame (28)
 n - a wand of light (10)
Scrolls
 b - 3 scrolls of immolation
 d - 2 scrolls of blinking
 f - a scroll of silence
 h - 3 scrolls of teleportation
Potions
 i - 2 potions of cancellation


   Skills:
 - Level 1.5 Fighting
 + Level 13.7 Ranged Weapons
 - Level 2.4 Dodging
 - Level 1.2 Stealth


You had 7 spell levels left.
You didn't know any spells.
Your spell library contained the following spells:

 Spells                   Type           Power      Damage    Failure   Level
 Magic Dart               Conj           0%         1d3       36%         1
 Searing Ray              Conj           0%         2d4       52%         2
 Conjure Flame            Conj/Fire      0%         6-21      75%         3
 Ignite Poison            Fire/Tmut/Pois 0%         N/A       75%         3
 Fulminant Prism          Conj/Hex       0%         3d6       98%         4
 Sticky Flame             Conj/Fire      0%         2d3       98%         4


Dungeon Overview and Level Annotations

Branches:
Dungeon (5/15)
 Temple: D:4-7

Altars:
Qazlal

Shops:
D:3 (

Annotations:
D:4 3 runed translucent doors, smoky173's ghost, amateur OpTm
D:5 Blork the orc


Message History

You shoot an arrow. The arrow barely misses Blork the orc.
Blork the orc shouts!
You shoot an arrow. The arrow barely misses Blork the orc.
You shoot an arrow.
The arrow hits Blork the orc but does no damage.
Blork the orc mumbles some strange words.
Blork the orc seems to speed up.
You shoot an arrow.
The arrow hits Blork the orc but does no damage.
Blork the orc hits you from afar with a +0 halberd!
You shoot an arrow. The arrow hits Blork the orc!
Blork the orc is moderately wounded.
Blork the orc barely misses you.
Blork the orc hits you from afar with a +0 halberd.
You shoot an arrow. The arrow barely misses Blork the orc.
Blork the orc hits you from afar with a +0 halberd.
You are too injured to fight recklessly!
You are too injured to fight recklessly!
You are too injured to fight recklessly!
You are too injured to fight recklessly!
You are too injured to fight recklessly!
Fire: a) +0 shortbow
Press: ? - help, Q - select action, (/) - cycle Shift-Dir - straight line, f/p - Blork the orc
Aim: Blork the orc, wielding a +0 halberd and wearing a +0 robe (moderately wounded, fast, 71% to hit)
You shoot an arrow.
The arrow hits Blork the orc but does no damage.
Blork the orc is moderately wounded.
Blork the orc casts a spell at you. The magic dart hits you!
* * * LOW HITPOINT WARNING * * *
Fire: a) +0 shortbow
Press: ? - help, Q - select action, (/) - cycle Shift-Dir - straight line, f/p - Blork the orc
Aim: Blork the orc, wielding a +0 halberd and wearing a +0 robe (moderately wounded, fast, 71% to hit)
You shoot an arrow.
The arrow completely misses Blork the orc.
Blork the orc hits you from afar with a +0 halberd.
* * * LOW HITPOINT WARNING * * *
Blork the orc gestures at you while chanting.
The puff of flame hits you!
You die...

,,,,,,,*,,***#..............#.##
,*****,*,,* #..........####...##
,*****,*,o####..........* #.....
,**,,,,,ooo.o..........#* #...#.
,**,**,*,,***#.........# ##.###
,**,**,*,,* ###.#..#### ##.####
,,,,,,,,,,* #.#..# #.###..
***,***,*,*** #)#..# ##.##.# *
*,*,,,*,,,***#@#..#### ##.#.# *
*,*,*****,,,*#.......# ##... *
*,*,,,*,,,*,*#o#####.# ##.# *
*,***,*,***,##.#####.# #.. * *,*
*,,,,,,*.........# ### * *,*
*,*,,,**#..#####.#
***,***,*,**,*.#.# #.#
,,,,,,,,*,***.##.# #.#
**,*****#.# *#*#.# #.# #####


You could see Blork the orc (fast).

Vanquished Creatures
  A black bear (D:4)
  2 ice beasts (D:5)
  An ogre (D:5)
  A phantom (D:5)
  3 scorpions
  A howler monkey (D:4)
  A jelly (D:5)
  5 orc priests
  5 iguanas
  4 orc wizards
  A gnoll (D:4)
  6 adders
  2 ufetubi
  A worm (D:4)
  A dart slug (D:3)
  16 orcs
  2 ball pythons
  11 endoplasms
  3 giant cockroaches
  8 goblins
  4 hobgoblins
  4 jackals (D:4)
  7 quokkas
  6 bats
  5 frilled lizards
  3 kobolds
  9 rats
113 creatures vanquished.

Vanquished Creatures (others)
  A plant (D:4)
1 creature vanquished.

Grand Total: 114 creatures vanquished

Notes
Turn   | Place    | Note
-------+----------+-------------------------------------------
     0 | D:1      | HoaS the Deep Elf Hunter began the quest for the Orb.
     0 | D:1      | Reached XP level 1. HP: 12/12 MP: 3/3
   186 | D:1      | Found a faded altar of an unknown god.
   212 | D:1      | Reached skill level 6 in Ranged Weapons
   212 | D:1      | Reached XP level 2. HP: 14/16 MP: 4/4
   755 | D:2      | Reached XP level 3. HP: 20/20 MP: 5/5
   883 | D:2      | Reached skill level 7 in Ranged Weapons
  1772 | D:3      | Reached XP level 4. HP: 25/25 MP: 6/6
  1935 | D:3      | Found Unurch's Antique Weapon Emporium.
  2238 | D:3      | You are sucked into a shaft and drop 2 floors!
  2238 | D:5      | Entered Level 5 of the Dungeon
  2256 | D:5      | Noticed an ice beast
  2278 | D:5      | Noticed an ice beast
  2295 | D:5      | Killed an ice beast
  2296 | D:5      | Reached skill level 8 in Ranged Weapons
  2296 | D:5      | Reached XP level 5. HP: 13/29 MP: 7/7
  2330 | D:5      | Reached skill level 9 in Ranged Weapons
  2375 | D:5      | Reached XP level 6. HP: 22/34 MP: 8/8
  2476 | D:4      | Reached skill level 10 in Ranged Weapons
  3096 | D:4      | Reached skill level 11 in Ranged Weapons
  3096 | D:4      | Reached XP level 7. HP: 38/38 MP: 9/9
  3598 | D:4      | Found a runed translucent gate.
  3598 | D:4      | Found a runed translucent gate.
  3600 | D:4      | Found a runed translucent gate.
  3601 | D:4      | Noticed smoky173's ghost (amateur OpTm)
  3735 | D:4      | Found a stormy altar of Qazlal.
  3836 | D:4      | Reached skill level 12 in Ranged Weapons
  4567 | D:5      | Reached skill level 13 in Ranged Weapons
  4567 | D:5      | Reached XP level 8. HP: 5/43 MP: 10/10
  5327 | D:5      | Noticed Blork the orc
  5335 | D:5      | Killed from afar by Blork the orc

Illustrated notes

Levels and vault maps discovered:
D:1:      dpeg_arrival_arbitrary_c, layout_basic,
          hellmonk_ecumenical_altar_prayer_group
D:2:      layout_loops_ring, hex_medium
D:3:      layout_basic, serial_shops, nicolae_shop_stone, minmay_misc_feat_tiny
D:4:      cheibrodos_barr_body, layout_loops_ring,
          mainiacjoe_overflow_small_starburst, serial_bayou,
          serial_bayou_pond_a, serial_bayou_pond_d, serial_bayou_pond_e,
          serial_bayou_crossing, gammafunk_ghost_split,
          hangedman_decor_clover_reticule
D:5:      layout_loops_ring, uniq_blork_the_orc

Skill      XL: |  1  2  3  4  5  6  7 |
---------------+----------------------+-----
Ranged Weapons | 6 7 8 9 11 13 | 13.7
Fighting       | |  1.5
Dodging        | |  2.4
Stealth        | |  1.2

Action                   |  1- 3 |  4- 6 |  7- 9 || total
-------------------------+-------+-------+-------++-------
Melee: Unarmed           |       |       |     4 ||     4
       Shortbow          |       |       |     2 ||     2
 Fire: Shortbow          |   104 |   104 |   171 ||   379
  Use: Scroll            |     7 |     4 |     1 ||    12
       Potion            |       |     3 |     4 ||     7
Armor: Leather armour    |    13 |     7 |    15 ||    35
       Skin              |       |       |     4 ||     4
Dodge: Dodged            |     8 |    30 |    32 ||    70

Table legend: (Time is in decaauts)
 A = Elapsed time spent in this place.
 B = Non-inter-level travel time spent in this place.
 C = Inter-level travel time spent in this place.
 D = Time resting spent in this place.
 E = Time spent auto-exploring this place.
 F = Levels seen in this place.
 G = Mean time per level.
                   A        B        C        D        E       F      G
               +--------+--------+--------+--------+--------+-----+--------+
         Total |   5298 |   5187 |    111 |   1950 |   2577 |   5 | 1059.6 |
       Dungeon |   5298 |   5187 |    111 |   1950 |   2577 |   5 | 1059.6 |
               +--------+--------+--------+--------+--------+-----+--------+

Top non-repeatable levels by time:
     D:4: 1746 daAuts
     D:5: 1149 daAuts
     D:2: 914 daAuts
     D:1: 752 daAuts
     D:3: 734 daAuts
